[ AOE2 MATCH · #469701848 ]
Team RMKhmer vs Britons
[ REPLAY ANALYSIS · EXTRACTED FROM THE RECORDED GAME ]
Feudal
12:13
Castle
15:05
Imperial
—
| APM avg | 17.6 |
| APM peak | 38 |
| eAPM avg | 12.7 |
| Villagers / military | 117 / 7 |
Focus
⚔️ 11.6% · 🌾 88.4%
Trade Cart ×8 · Knight ×5 · Ballista Elephant ×2
Feudal
12:22
Castle
17:17
Imperial
29:29
| APM avg | 30.7 |
| APM peak | 76 |
| eAPM avg | 15.0 |
| Villagers / military | 84 / 2 |
Focus
⚔️ 11.3% · 🌾 88.7%
Monk ×1 · Mangonel ×1
Feudal
11:47
Castle
16:15
Imperial
—
| APM avg | 15.1 |
| APM peak | 28 |
| eAPM avg | 12.8 |
| Villagers / military | 119 / 30 |
Focus
⚔️ 10.9% · 🌾 89.1%
Archer ×30
Feudal
12:23
Castle
18:29
Imperial
—
| APM avg | 19.0 |
| APM peak | 48 |
| eAPM avg | 15.6 |
| Villagers / military | 146 / 27 |
Focus
⚔️ 6.9% · 🌾 93.1%
Archer ×27
Match map
Initial resources + every placement click. Lines = walls · curves = elevation contours. ◆ gold · ⬟ stone · ● berries · ✦ relic · ◌ wall gap
Your base· ✓ Closed at 15:05 · 10t walls · 1 gate(s)
ooo000ooo's base· ✓ Closed at 17:17 · 15t walls · 1 gate(s)
chrske's base· ✓ Closed at 16:15 · 18t walls · no gate
Binn Ladden's base· ✓ Closed at 18:29 · 10t walls · 1 gate(s)
Smoothed initial terrain · ◌ = detected wall gap · hover for details
Inputs per minute
— swiftarcher2 - - ooo000ooo
Build order — swiftarcher2
First 150 of 197 actions detected
| 0:00 | Create | Villager (Male) |
| 0:01 | Create | Villager (Male) |
| 0:02 | Build | House |
| 0:05 | Build | House |
| 0:19 | Create | Villager (Male) |
| 0:20 | Create | Villager (Male) |
| 0:57 | Build | House |
| 1:21 | Build | Palisade Wall |
| 1:37 | Create | Villager (Male) |
| 1:38 | Create | Villager (Male) |
| 1:55 | Build | Palisade Gate |
| 2:17 | Create | Villager (Male) |
| 2:18 | Create | Villager (Male) |
| 2:57 | Create | Villager (Male) |
| 3:22 | Create | Villager (Male) |
| 3:22 | Create | Villager (Male) |
| 3:40 | Create | Villager (Male) |
| 3:55 | Build | Lumber Camp |
| 4:02 | Create | Villager (Male) |
| 4:02 | Create | Villager (Male) |
| 4:43 | Create | Villager (Male) |
| 5:00 | Create | Villager (Male) |
| 5:01 | Create | Villager (Male) |
| 5:34 | Create | Villager (Male) |
| 5:43 | Build | House |
| 5:45 | Create | Villager (Male) |
| 5:46 | Create | Villager (Male) |
| 6:06 | Build | Mill |
| 6:31 | Create | Villager (Male) |
| 6:32 | Create | Villager (Male) |
| 6:32 | Create | Villager (Male) |
| 6:37 | Build | House |
| 7:07 | Create | Villager (Male) |
| 7:54 | Build | Mining Camp |
| 7:58 | Create | Villager (Male) |
| 7:58 | Create | Villager (Male) |
| 7:59 | Create | Villager (Male) |
| 8:32 | Build | Mill |
| 8:51 | Create | Villager (Male) |
| 9:04 | Build | House |
| 9:06 | Create | Villager (Male) |
| 9:22 | Create | Villager (Male) |
| 10:02 | Research | Feudal Age |
| 12:13 | Age | Feudal Age |
| 12:16 | Build | Market |
| 12:25 | Research | Castle Age |
| 13:02 | Build | Mining Camp |
| 13:27 | Research | Double-Bit Axe |
| 13:40 | Create | Trade Cart |
| 13:46 | Create | Villager (Male) |
| 14:11 | Build | Farm |
| 14:12 | Build | Farm |
| 14:12 | Build | Farm |
| 14:15 | Build | Farm |
| 14:19 | Create | Villager (Male) |
| 14:40 | Build | Farm |
| 14:50 | Build | Farm |
| 14:51 | Build | Farm |
| 15:05 | Age | Castle Age |
| 15:29 | Build | Farm |
| 15:36 | Build | Farm |
| 15:42 | Build | Farm |
| 15:43 | Create | Villager (Male) |
| 16:01 | Create | Villager (Male) |
| 16:22 | Build | Town Center |
| 16:24 | Create | Villager (Male) |
| 16:32 | Build | Farm |
| 16:35 | Create | Villager (Male) |
| 16:51 | Create | Villager (Male) |
| 17:05 | Build | Farm |
| 17:10 | Build | Farm |
| 17:12 | Create | Villager (Male) |
| 17:16 | Build | Farm |
| 17:28 | Create | Villager (Male) |
| 17:39 | Research | Wheelbarrow |
| 17:45 | Build | Farm |
| 17:53 | Create | Villager (Male) |
| 17:54 | Create | Villager (Male) |
| 18:03 | Research | Loom |
| 18:04 | Create | Villager (Male) |
| 18:26 | Create | Villager (Male) |
| 18:27 | Create | Villager (Male) |
| 18:32 | Build | Farm |
| 18:37 | Create | Villager (Male) |
| 18:49 | Create | Trade Cart |
| 18:51 | Create | Villager (Male) |
| 18:51 | Create | Villager (Male) |
| 18:54 | Build | Farm |
| 18:58 | Create | Villager (Male) |
| 19:16 | Build | House |
| 19:19 | Build | Farm |
| 19:20 | Create | Villager (Male) |
| 19:20 | Create | Villager (Male) |
| 19:57 | Build | Town Center |
| 19:58 | Create | Villager (Male) |
| 19:58 | Create | Villager (Male) |
| 20:14 | Create | Trade Cart |
| 20:16 | Create | Villager (Male) |
| 20:43 | Build | House |
| 20:44 | Build | House |
| 20:46 | Build | House |
| 20:47 | Create | Villager (Male) |
| 20:47 | Create | Villager (Male) |
| 21:24 | Create | Villager (Male) |
| 21:24 | Create | Villager (Male) |
| 21:25 | Create | Villager (Male) |
| 21:25 | Create | Villager (Male) |
| 21:35 | Research | Hand Cart |
| 21:52 | Build | Castle |
| 21:54 | Create | Villager (Male) |
| 21:55 | Create | Villager (Male) |
| 21:57 | Build | Farm |
| 21:58 | Create | Villager (Male) |
| 22:09 | Build | Town Center |
| 22:33 | Build | Blacksmith |
| 22:54 | Create | Villager (Male) |
| 22:55 | Create | Villager (Male) |
| 22:55 | Create | Villager (Male) |
| 22:56 | Create | Villager (Male) |
| 22:56 | Create | Villager (Male) |
| 23:15 | Create | Villager (Male) |
| 23:15 | Create | Villager (Male) |
| 23:23 | Research | Bow Saw |
| 23:25 | Create | Villager (Male) |
| 23:25 | Create | Villager (Male) |
| 23:28 | Build | Farm |
| 23:29 | Build | Farm |
| 23:35 | Create | Villager (Male) |
| 23:36 | Create | Villager (Male) |
| 23:47 | Create | Villager (Male) |
| 23:47 | Create | Villager (Male) |
| 23:59 | Build | Farm |
| 24:11 | Create | Ballista Elephant |
| 24:13 | Create | Villager (Male) |
| 24:13 | Create | Villager (Male) |
| 24:18 | Build | House |
| 24:28 | Build | Farm |
| 24:30 | Create | Villager (Male) |
| 24:34 | Build | Farm |
| 24:40 | Build | Farm |
| 24:45 | Create | Villager (Male) |
| 24:46 | Create | Villager (Male) |
| 24:46 | Create | Villager (Male) |
| 24:47 | Create | Villager (Male) |
| 24:58 | Build | Stable |
| 25:15 | Create | Villager (Male) |
| 25:16 | Create | Villager (Male) |
| 25:16 | Create | Villager (Male) |
| 25:17 | Create | Villager (Male) |
| 25:17 | Create | Villager (Male) |
Build order — ooo000ooo
First 150 of 184 actions detected
| 0:02 | Build | House |
| 0:03 | Create | Villager (Male) |
| 0:04 | Create | Villager (Male) |
| 0:16 | Create | Villager (Male) |
| 0:16 | Create | Villager (Male) |
| 0:30 | Research | Loom |
| 0:35 | Create | Villager (Male) |
| 0:36 | Create | Villager (Male) |
| 1:02 | Build | House |
| 1:08 | Build | Palisade Wall |
| 1:10 | Create | Villager (Male) |
| 1:11 | Create | Villager (Male) |
| 2:09 | Create | Villager (Male) |
| 2:30 | Build | Lumber Camp |
| 2:52 | Create | Villager (Male) |
| 3:18 | Create | Villager (Male) |
| 3:47 | Create | Villager (Male) |
| 4:01 | Build | House |
| 4:23 | Create | Villager (Male) |
| 4:42 | Create | Villager (Male) |
| 5:35 | Create | Villager (Male) |
| 6:01 | Build | Mill |
| 6:07 | Create | Villager (Male) |
| 6:53 | Create | Villager (Male) |
| 6:53 | Create | Villager (Male) |
| 7:27 | Create | Villager (Male) |
| 7:27 | Create | Villager (Male) |
| 7:43 | Build | House |
| 8:04 | Create | Villager (Male) |
| 8:22 | Create | Villager (Male) |
| 8:46 | Create | Villager (Male) |
| 9:07 | Build | Mining Camp |
| 9:22 | Build | House |
| 10:12 | Research | Feudal Age |
| 10:12 | Research | Feudal Age |
| 10:48 | Build | Mill |
| 12:22 | Age | Feudal Age |
| 12:25 | Build | Gate |
| 12:29 | Create | Villager (Male) |
| 12:38 | Build | Market |
| 12:46 | Build | Blacksmith |
| 13:01 | Create | Villager (Male) |
| 13:30 | Create | Villager (Male) |
| 13:40 | Build | Stone Wall |
| 13:45 | Build | House |
| 13:59 | Build | Stone Wall |
| 14:03 | Create | Villager (Male) |
| 14:34 | Build | Lumber Camp |
| 14:37 | Research | Castle Age |
| 14:41 | Build | House |
| 15:21 | Research | Double-Bit Axe |
| 15:28 | Build | House |
| 16:03 | Research | Horse Collar |
| 17:17 | Age | Castle Age |
| 17:21 | Build | Town Center |
| 17:25 | Build | Town Center |
| 17:26 | Create | Villager (Male) |
| 17:29 | Research | Heavy Plow |
| 17:52 | Create | Villager (Male) |
| 18:16 | Create | Villager (Male) |
| 18:46 | Create | Villager (Male) |
| 18:55 | Build | Farm |
| 18:57 | Build | Farm |
| 18:59 | Build | Farm |
| 19:05 | Create | Villager (Male) |
| 19:13 | Build | Farm |
| 19:20 | Build | Farm |
| 19:22 | Build | Farm |
| 19:25 | Build | Farm |
| 19:28 | Build | Farm |
| 19:29 | Create | Villager (Male) |
| 19:35 | Create | Villager (Male) |
| 19:37 | Build | Farm |
| 19:41 | Create | Villager (Male) |
| 19:44 | Build | Farm |
| 19:45 | Build | Farm |
| 19:47 | Build | Farm |
| 19:50 | Build | Farm |
| 19:52 | Build | Farm |
| 19:54 | Build | Farm |
| 20:03 | Build | Farm |
| 20:07 | Create | Villager (Male) |
| 20:14 | Build | Farm |
| 20:17 | Create | Villager (Male) |
| 20:25 | Create | Villager (Male) |
| 20:34 | Build | Farm |
| 20:37 | Create | Villager (Male) |
| 20:50 | Create | Villager (Male) |
| 20:53 | Create | Villager (Male) |
| 21:05 | Build | Farm |
| 21:07 | Create | Villager (Male) |
| 21:16 | Create | Villager (Male) |
| 21:22 | Create | Villager (Male) |
| 21:29 | Create | Villager (Male) |
| 21:36 | Build | Farm |
| 21:42 | Create | Villager (Male) |
| 21:55 | Create | Villager (Male) |
| 21:57 | Create | Villager (Male) |
| 22:04 | Build | Farm |
| 22:05 | Build | Farm |
| 22:09 | Build | Farm |
| 22:14 | Build | Mill |
| 22:16 | Create | Villager (Male) |
| 22:21 | Create | Villager (Male) |
| 22:22 | Create | Villager (Male) |
| 22:32 | Create | Villager (Male) |
| 22:39 | Build | Farm |
| 22:41 | Create | Villager (Male) |
| 22:43 | Create | Villager (Male) |
| 22:46 | Build | House |
| 22:54 | Build | Farm |
| 23:03 | Create | Villager (Male) |
| 23:08 | Build | Farm |
| 23:11 | Create | Villager (Male) |
| 23:14 | Build | Farm |
| 23:17 | Build | House |
| 23:19 | Create | Villager (Male) |
| 23:41 | Build | University |
| 23:43 | Create | Villager (Male) |
| 23:44 | Create | Villager (Male) |
| 23:44 | Create | Villager (Male) |
| 23:46 | Build | Farm |
| 23:50 | Build | Farm |
| 23:54 | Build | House |
| 24:01 | Build | Mill |
| 24:06 | Create | Villager (Male) |
| 24:08 | Create | Villager (Male) |
| 24:08 | Create | Villager (Male) |
| 24:16 | Build | Mill |
| 24:19 | Build | Farm |
| 24:26 | Build | House |
| 24:28 | Create | Villager (Male) |
| 24:29 | Create | Villager (Male) |
| 24:29 | Create | Villager (Male) |
| 24:35 | Build | Farm |
| 24:44 | Build | Farm |
| 24:47 | Create | Villager (Male) |
| 24:50 | Build | Farm |
| 24:59 | Build | Monastery |
| 25:01 | Create | Villager (Male) |
| 25:02 | Create | Villager (Male) |
| 25:04 | Build | House |
| 25:08 | Build | Farm |
| 25:09 | Build | Farm |
| 25:23 | Build | Farm |
| 25:28 | Create | Villager (Male) |
| 25:29 | Create | Villager (Male) |
| 25:34 | Build | Farm |
| 25:40 | Build | Farm |
| 25:48 | Create | Monk |
Build order — chrske
First 150 of 242 actions detected
| 0:00 | Create | Villager (Male) |
| 0:01 | Create | Villager (Male) |
| 0:01 | Create | Villager (Male) |
| 0:03 | Build | House |
| 0:25 | Build | Palisade Wall |
| 1:02 | Research | Loom |
| 1:02 | Create | Villager (Male) |
| 1:03 | Create | Villager (Male) |
| 1:52 | Build | House |
| 1:55 | Create | Villager (Male) |
| 1:56 | Create | Villager (Male) |
| 1:56 | Create | Villager (Male) |
| 2:25 | Create | Villager (Male) |
| 2:25 | Create | Villager (Male) |
| 2:40 | Build | House |
| 2:43 | Build | House |
| 2:46 | Create | Villager (Male) |
| 2:47 | Create | Villager (Male) |
| 3:09 | Build | House |
| 3:44 | Create | Villager (Male) |
| 3:44 | Create | Villager (Male) |
| 3:44 | Create | Villager (Male) |
| 3:45 | Create | Villager (Male) |
| 3:51 | Build | House |
| 3:54 | Build | House |
| 5:02 | Create | Villager (Male) |
| 5:02 | Create | Villager (Male) |
| 5:10 | Build | Lumber Camp |
| 5:33 | Create | Villager (Male) |
| 5:33 | Create | Villager (Male) |
| 5:34 | Create | Villager (Male) |
| 5:52 | Create | Villager (Male) |
| 5:53 | Create | Villager (Male) |
| 6:12 | Create | Villager (Male) |
| 6:12 | Create | Villager (Male) |
| 6:12 | Create | Villager (Male) |
| 6:36 | Build | Mill |
| 7:37 | Create | Villager (Male) |
| 7:37 | Create | Villager (Male) |
| 7:38 | Create | Villager (Male) |
| 7:58 | Create | Villager (Male) |
| 7:58 | Create | Villager (Male) |
| 9:31 | Build | Mining Camp |
| 9:36 | Research | Feudal Age |
| 10:11 | Build | Barracks |
| 10:47 | Build | House |
| 10:50 | Build | House |
| 11:37 | Create | Villager (Male) |
| 11:47 | Age | Feudal Age |
| 11:50 | Build | Market |
| 11:59 | Build | Stone Wall |
| 12:17 | Create | Villager (Male) |
| 12:18 | Create | Villager (Male) |
| 12:50 | Build | Blacksmith |
| 13:35 | Research | Castle Age |
| 14:07 | Research | Horse Collar |
| 14:14 | Build | House |
| 14:28 | Build | Farm |
| 14:36 | Build | Farm |
| 14:48 | Build | Farm |
| 14:58 | Build | Farm |
| 15:05 | Build | Farm |
| 15:19 | Build | Farm |
| 15:31 | Build | Farm |
| 16:05 | Build | Archery Range |
| 16:07 | Create | Villager (Male) |
| 16:15 | Age | Castle Age |
| 16:36 | Build | Farm |
| 16:42 | Build | Farm |
| 16:45 | Research | Double-Bit Axe |
| 17:00 | Build | Farm |
| 17:04 | Create | Villager (Male) |
| 17:04 | Create | Villager (Male) |
| 17:20 | Build | Farm |
| 17:30 | Build | Farm |
| 17:36 | Create | Villager (Male) |
| 17:37 | Create | Villager (Male) |
| 17:37 | Create | Villager (Male) |
| 17:40 | Build | Farm |
| 17:56 | Build | Town Center |
| 18:36 | Create | Villager (Male) |
| 18:36 | Create | Villager (Male) |
| 18:36 | Create | Villager (Male) |
| 18:49 | Create | Villager (Male) |
| 18:49 | Create | Villager (Male) |
| 18:49 | Create | Villager (Male) |
| 19:00 | Create | Villager (Male) |
| 19:16 | Create | Villager (Male) |
| 19:16 | Create | Villager (Male) |
| 19:30 | Research | Gold Mining |
| 19:59 | Build | Farm |
| 20:08 | Create | Villager (Male) |
| 20:08 | Create | Villager (Male) |
| 20:08 | Create | Villager (Male) |
| 20:20 | Build | Farm |
| 20:23 | Build | Farm |
| 20:26 | Build | Farm |
| 20:28 | Create | Villager (Male) |
| 20:28 | Create | Villager (Male) |
| 20:28 | Create | Villager (Male) |
| 20:28 | Create | Villager (Male) |
| 20:52 | Build | Farm |
| 21:06 | Build | Town Center |
| 21:08 | Create | Villager (Male) |
| 21:08 | Create | Villager (Male) |
| 21:08 | Create | Villager (Male) |
| 21:09 | Create | Villager (Male) |
| 21:15 | Create | Archer |
| 21:15 | Create | Archer |
| 21:15 | Create | Archer |
| 21:22 | Create | Villager (Male) |
| 21:22 | Create | Villager (Male) |
| 21:28 | Build | Farm |
| 21:46 | Research | Bow Saw |
| 21:55 | Build | Farm |
| 22:10 | Build | Farm |
| 22:31 | Research | Heavy Plow |
| 22:31 | Research | Heavy Plow |
| 22:35 | Create | Villager (Male) |
| 22:35 | Create | Villager (Male) |
| 22:35 | Create | Villager (Male) |
| 22:36 | Create | Villager (Male) |
| 22:37 | Create | Villager (Male) |
| 22:46 | Build | Farm |
| 22:55 | Build | Farm |
| 22:56 | Create | Villager (Male) |
| 22:56 | Create | Villager (Male) |
| 22:57 | Create | Villager (Male) |
| 23:07 | Create | Villager (Male) |
| 23:07 | Create | Villager (Male) |
| 23:08 | Create | Villager (Male) |
| 23:08 | Create | Villager (Male) |
| 23:08 | Create | Villager (Male) |
| 23:08 | Create | Villager (Male) |
| 23:09 | Create | Villager (Male) |
| 23:25 | Build | Farm |
| 23:32 | Research | Gold Shaft Mining |
| 23:40 | Build | Mining Camp |
| 23:45 | Create | Villager (Male) |
| 23:47 | Create | Villager (Male) |
| 23:52 | Build | Farm |
| 23:56 | Create | Villager (Male) |
| 23:56 | Create | Villager (Male) |
| 24:12 | Build | Mining Camp |
| 24:15 | Create | Villager (Male) |
| 24:16 | Create | Villager (Male) |
| 24:16 | Create | Villager (Male) |
| 24:16 | Create | Villager (Male) |
| 24:21 | Build | Farm |
| 24:28 | Build | Mill |
Build order — Binn Ladden
First 150 of 263 actions detected
| 0:04 | Build | House |
| 0:06 | Research | Loom |
| 0:06 | Create | Villager (Male) ×4 |
| 0:07 | Create | Villager (Male) ×4 |
| 0:11 | Build | House |
| 0:28 | Build | Palisade Wall |
| 1:52 | Build | Lumber Camp |
| 2:08 | Create | Villager (Male) |
| 2:08 | Create | Villager (Male) |
| 2:08 | Create | Villager (Male) |
| 2:54 | Create | Villager (Male) |
| 2:54 | Create | Villager (Male) |
| 3:09 | Create | Villager (Male) |
| 3:36 | Create | Villager (Male) |
| 3:37 | Create | Villager (Male) |
| 3:44 | Build | House |
| 3:46 | Build | House |
| 3:53 | Create | Villager (Male) |
| 3:54 | Create | Villager (Male) |
| 4:19 | Create | Villager (Male) |
| 4:19 | Create | Villager (Male) |
| 4:33 | Create | Villager (Male) |
| 4:33 | Create | Villager (Male) |
| 4:34 | Create | Villager (Male) |
| 5:02 | Create | Villager (Male) |
| 5:02 | Create | Villager (Male) |
| 5:39 | Create | Villager (Male) |
| 5:39 | Create | Villager (Male) |
| 5:39 | Create | Villager (Male) |
| 5:55 | Create | Villager (Male) |
| 6:43 | Create | Villager (Male) |
| 6:43 | Create | Villager (Male) |
| 6:43 | Create | Villager (Male) |
| 7:15 | Create | Villager (Male) |
| 7:15 | Create | Villager (Male) |
| 7:15 | Create | Villager (Male) |
| 7:41 | Create | Villager (Male) |
| 7:53 | Build | Mill |
| 8:00 | Build | Mining Camp |
| 8:07 | Create | Villager (Male) |
| 8:08 | Create | Villager (Male) |
| 8:14 | Build | House |
| 8:46 | Create | Villager (Male) |
| 9:13 | Create | Villager (Male) |
| 10:13 | Research | Feudal Age |
| 10:13 | Research | Feudal Age |
| 10:30 | Build | House |
| 10:47 | Build | Mill |
| 11:08 | Build | Barracks |
| 12:23 | Age | Feudal Age |
| 12:26 | Create | Villager (Male) |
| 12:26 | Create | Villager (Male) |
| 12:27 | Create | Villager (Male) |
| 12:40 | Build | Market |
| 12:55 | Build | Gate |
| 12:59 | Build | House |
| 13:02 | Build | House |
| 13:08 | Build | Mining Camp |
| 13:14 | Create | Villager (Male) |
| 13:41 | Create | Villager (Male) |
| 14:04 | Build | Archery Range |
| 14:09 | Create | Villager (Male) |
| 14:09 | Create | Villager (Male) |
| 14:36 | Build | Blacksmith |
| 15:05 | Create | Villager (Male) |
| 15:10 | Create | Archer ×3 |
| 15:19 | Build | Stone Wall |
| 15:37 | Research | Fletching |
| 15:49 | Research | Castle Age |
| 16:11 | Create | Archer ×5 |
| 16:11 | Create | Archer ×5 |
| 16:33 | Research | Horse Collar |
| 16:41 | Research | Double-Bit Axe |
| 17:09 | Build | Farm |
| 17:13 | Build | Farm |
| 17:20 | Build | Farm |
| 17:29 | Build | Farm |
| 17:52 | Create | Archer |
| 17:57 | Build | Farm |
| 18:01 | Build | Farm |
| 18:07 | Build | Farm |
| 18:13 | Build | Farm |
| 18:18 | Build | Farm |
| 18:26 | Build | Farm |
| 18:29 | Age | Castle Age |
| 18:31 | Create | Villager (Male) |
| 18:31 | Create | Villager (Male) |
| 18:31 | Create | Villager (Male) |
| 18:32 | Create | Villager (Male) |
| 18:42 | Build | Farm |
| 19:12 | Build | Town Center |
| 19:33 | Research | Crossbowman (upgrade) |
| 19:49 | Create | Villager (Male) |
| 19:50 | Create | Villager (Male) |
| 20:00 | Build | House |
| 20:00 | Build | House |
| 20:01 | Build | House |
| 20:06 | Create | Villager (Male) |
| 20:06 | Create | Villager (Male) |
| 20:06 | Create | Villager (Male) |
| 20:06 | Create | Villager (Male) |
| 20:32 | Build | Farm |
| 20:34 | Create | Villager (Male) |
| 20:34 | Create | Villager (Male) |
| 20:43 | Create | Villager (Male) |
| 20:43 | Create | Villager (Male) |
| 20:47 | Create | Archer ×5 |
| 21:03 | Build | Farm |
| 21:06 | Create | Villager (Male) |
| 21:06 | Create | Villager (Male) |
| 21:20 | Build | Castle |
| 21:30 | Create | Villager (Male) |
| 21:30 | Create | Villager (Male) |
| 21:30 | Create | Villager (Male) |
| 21:38 | Build | Farm |
| 21:51 | Create | Villager (Male) |
| 21:51 | Create | Villager (Male) |
| 22:04 | Create | Archer |
| 22:05 | Create | Archer |
| 22:08 | Build | Farm |
| 22:11 | Create | Villager (Male) |
| 22:11 | Create | Villager (Male) |
| 22:16 | Create | Villager (Male) |
| 22:17 | Create | Villager (Male) |
| 22:28 | Build | Farm |
| 22:50 | Create | Villager (Male) |
| 22:50 | Create | Villager (Male) |
| 22:51 | Create | Villager (Male) |
| 22:56 | Build | Farm |
| 22:59 | Create | Villager (Male) |
| 22:59 | Create | Villager (Male) |
| 22:59 | Create | Villager (Male) |
| 23:18 | Build | Town Center |
| 23:23 | Build | Mill |
| 23:26 | Create | Villager (Male) |
| 23:27 | Create | Villager (Male) |
| 23:33 | Build | Town Center |
| 23:42 | Build | Farm |
| 23:46 | Research | Town Watch |
| 23:48 | Create | Villager (Male) |
| 24:06 | Build | Farm |
| 24:09 | Build | Farm |
| 24:15 | Create | Villager (Male) |
| 24:15 | Create | Villager (Male) |
| 24:16 | Create | Villager (Male) |
| 24:27 | Create | Villager (Male) |
| 24:27 | Create | Villager (Male) |
| 24:28 | Create | Villager (Male) |
| 24:37 | Build | Farm |
| 24:44 | Create | Villager (Male) |
Match timeline
| 0:25 | chrske · wall_segment Palisade Wall x9 |
| 0:28 | Binn Ladden · wall_segment Palisade Wall x9 |
| 1:08 | ooo000ooo · wall_segment Palisade Wall x10 |
| 1:21 | swiftarcher2 · wall_segment Palisade Wall x10 |
| 10:11 | chrske · first_building Barracks |
| 11:08 | Binn Ladden · first_building Barracks |
| 11:47 | chrske · age_up feudal |
| 11:59 | chrske · wall_segment Stone Wall x9 |
| 12:13 | swiftarcher2 · age_up feudal |
| 12:22 | ooo000ooo · age_up feudal |
| 12:23 | Binn Ladden · age_up feudal |
| 13:13 | chrske · first_market_sell 100 stone |
| 13:15 | chrske · first_market_buy 100 food |
| 13:40 | ooo000ooo · wall_segment Stone Wall x1 |
| 13:59 | ooo000ooo · wall_segment Stone Wall x4 |
| 14:04 | Binn Ladden · first_building Archery Range |
| 15:05 | swiftarcher2 · age_up castle |
| 15:19 | Binn Ladden · wall_segment Stone Wall x1 |
| 16:05 | chrske · first_building Archery Range |
| 16:15 | chrske · age_up castle |
| 16:29 | ooo000ooo · first_market_buy 100 stone |
| 17:17 | ooo000ooo · age_up castle |
| 18:29 | Binn Ladden · age_up castle |
| 21:20 | Binn Ladden · first_building Castle |
| 21:52 | swiftarcher2 · first_building Castle |
| 23:07 | Binn Ladden · first_market_sell 100 wood |
| 23:08 | Binn Ladden · first_market_buy 100 stone |
| 24:58 | swiftarcher2 · first_building Stable |
| 24:59 | ooo000ooo · first_building Monastery |
| 26:04 | ooo000ooo · first_market_sell 100 stone |
| 26:54 | ooo000ooo · first_building Barracks |
| 27:24 | ooo000ooo · first_building Siege Workshop |
| 28:07 | ooo000ooo · first_building Archery Range |
| 28:56 | Binn Ladden · first_building Siege Workshop |
| 29:14 | chrske · first_building Monastery |
| 29:29 | ooo000ooo · age_up imperial |
| 29:43 | ooo000ooo · first_building Castle |
| 30:17 | ooo000ooo · resign |
[ AI ANALYSIS · 1 CREDIT ]
What really happened in this match?
Wolo.gg analyzes every decision: build order, eco, micro, common mistakes by bracket. Personalized analysis on WhatsApp or Discord in 30 seconds.
Civ guide
Khmer
Map guide
Black Forest
Perfil
Jugador #8391813